 Dungeon Crawl Stone Soup version 0.27-a0-1196-g3e9cee4cb2 (webtiles) character file.

Game seed: 15768161342650881490

1502 bande the Chopper (level 8, -4/50 HPs)
             Began as a Gargoyle Fighter on May 27, 2021.
             Slain by Edmund
             ... wielding a +3 flail of holy wrath
              (7 damage)
             ... on level 4 of the Dungeon.
             The game lasted 00:09:51 (5138 turns).

bande the Chopper (Gargoyle Fighter)                Turns: 5138, Time: 00:09:52

Health: -4/50      AC: 18    Str: 21    XL:     8   Next: 82%
Magic:  8/8        EV:  6    Int:  9    God:
Gold:   193        SH: 11    Dex: 10    Spells: 7/7 levels left

rFire    . . .     SeeInvis .   a - +0 war axe
rCold    . . .     Faith    .   c - +1 kite shield
rNeg     + . .     Spirit   .   f - +0 chain mail
rPois    ∞         Reflect  .   (no helmet)
rElec    +         Harm     .   e - +2 cloak {Will+}
rCorr    .         Rampage  .   (no gloves)
Will     +....                  (no boots)
Stlth    ..........             (no amulet)
HPRegen  0.16/turn              (no ring)
MPRegen  0.11/turn              (no ring)

@: no status effects
A: sickness immunity, AC +5, negative energy resistance 1, electricity
resistance, torment resistance 1, petrification resistance
a: no special abilities


You were on level 4 of the Dungeon.
You visited 1 branch of the dungeon, and saw 5 of its levels.

You collected 193 gold pieces.

Inventory:

Hand Weapons
 a - a +0 war axe (weapon)
 i - a +0 flail
Armour
 c - a +1 kite shield (worn)
 e - a +2 cloak of willpower (worn)
 f - a +0 chain mail (worn)
 g - a scarf of repulsion
Jewellery
 h - a ring of wizardry
Wands
 l - a wand of acid (3)
Scrolls
 j - 2 scrolls of identify
 k - a scroll of immolation {unknown}
 n - a scroll of fear {unknown}
 o - 3 scrolls of enchant weapon {unknown}
Potions
 b - a potion of heal wounds
 d - a potion of might
 m - 2 potions of brilliance


   Skills:
 + Level 5.4 Fighting
 + Level 7.0 Axes
 + Level 5.2 Armour
 + Level 0.8 Dodging
 + Level 5.9 Shields
 * Level 2.0 Evocations


You had 7 spell levels left.
You didn't know any spells.
Your spell library was empty.

Dungeon Overview and Level Annotations

Branches:
Dungeon (5/15)             Temple (0/1) D:4

Altars:
Dithmenos
The Shining One

Annotations:
D:4 Edmund


Innate Abilities, Weirdness & Mutations

You are immune to sickness and miasma.
Your stone body is resilient. (AC +5)
You are immune to poison.
You resist negative energy. (rN+)
You are resistant to electric shocks. (rElec)
You are resistant to unholy torment.
You are immune to petrification.


Message History

Edmund drinks a potion.
Edmund seems to grow stronger.
You block Edmund's attack.
Your shield and chain mail prevent you from hitting Edmund.
Edmund is lightly wounded.
Edmund hits you with a +3 flail of holy wrath!
You are too injured to fight recklessly!
You are too injured to fight recklessly!
You are too injured to fight recklessly!
You are too injured to fight recklessly!
You are too injured to fight recklessly!
You are too injured to fight recklessly!
You are too injured to fight recklessly!
You are too injured to fight recklessly!
You are too injured to fight recklessly!
You are too injured to fight recklessly!
You hit Edmund.
Edmund is moderately wounded.
Edmund hits you but does no damage.
You hit Edmund but do no damage.
Edmund is moderately wounded.
Edmund hits you but does no damage. You block Edmund's attack.
You hit Edmund but do no damage.
Edmund is moderately wounded.
You block Edmund's attack.
You slash Edmund!
Edmund is heavily wounded.
Edmund hits you with a +3 flail of holy wrath!
You hit Edmund but do no damage.
Edmund is heavily wounded.
You block Edmund's attack.
Edmund hits you with a +3 flail of holy wrath!
* * * LOW HITPOINT WARNING * * *
Your chain mail prevents you from hitting Edmund.
Edmund is heavily wounded.
Edmund hits you with a +3 flail of holy wrath.
* * * LOW HITPOINT WARNING * * *
Your shield and chain mail prevent you from hitting Edmund.
Edmund is heavily wounded.
Edmund hits you with a +3 flail of holy wrath!
You die...

# #. #.
#.####
#####....
#.....)@# #@#
#>#
#..).....#
......#.###.#
# #.##$.#.#
#! ... ..#
#.. .### ...
#..#. ###
#...### ##


You could see Edmund (strong).

Vanquished Creatures
  Pikel (D:5)
  Grinder (D:3)
  Duvessa (D:5)
  A black bear (D:5)
  A necrophage (D:5)
  A lemure (D:5)
  A phantom (D:4)
  Dowan (D:5)
  A water moccasin skeleton (D:3)
  A wight (D:4)
  A quasit (D:5)
  2 orc priests
  A bullfrog skeleton (D:5)
  An iguana (D:5)
  3 orc wizards
  A hound skeleton (D:4)
  Robin (D:3)
  A gnoll (D:1)
  3 adders
  An adder skeleton (D:4)
  5 dart slugs
  8 orcs
  7 endoplasms
  13 goblins
  8 hobgoblins
  2 jackals (D:3)
  3 kobolds
  A quokka (D:4)
  9 ball pythons
  3 bats
  2 frilled lizards (D:1)
  4 goblin skeletons (D:5)
  2 goblin zombies (D:5)
  3 hobgoblin zombies (D:5)
  An orc zombie (D:5)
  4 rats
100 creatures vanquished.

Notes
Turn   | Place    | Note
-------+----------+-------------------------------------------
     0 | D:1      | bande the Gargoyle Fighter began the quest for the Orb.
     0 | D:1      | Reached XP level 1. HP: 14/14 MP: 1/1
   204 | D:1      | Reached XP level 2. HP: 14/19 MP: 2/2
   589 | D:1      | Reached skill level 2 in Axes
   687 | D:1      | Identified a scroll of acquirement
   687 | D:1      | Acquired a +2 cloak of willpower
   853 | D:1      | Reached XP level 3. HP: 22/24 MP: 3/3
  1452 | D:1      | Reached XP level 4. HP: 19/29 MP: 4/4
  1707 | D:1      | Reached skill level 3 in Axes
  1717 | D:1      | Reached XP level 5. HP: 11/33 MP: 5/5
  2924 | D:3      | Found a faded altar of an unknown god.
  3159 | D:3      | Noticed Robin
  3176 | D:3      | Killed Robin
  3348 | D:3      | Noticed Grinder
  3373 | D:3      | Killed Grinder
  3374 | D:3      | Reached skill level 4 in Axes
  3374 | D:3      | Reached XP level 6. HP: 18/39 MP: 6/6
  3865 | D:4      | Reached skill level 5 in Axes
  3865 | D:4      | Reached XP level 7. HP: 35/44 MP: 7/7
  4095 | D:4      | Found a staircase to the Ecumenical Temple.
  4293 | D:5      | Entered Level 5 of the Dungeon
  4327 | D:5      | Noticed Duvessa
  4328 | D:5      | Noticed Dowan
  4339 | D:5      | Killed Duvessa
  4340 | D:5      | Reached skill level 5 in Shields
  4340 | D:5      | Killed Dowan
  4755 | D:5      | Reached skill level 6 in Axes
  4755 | D:5      | Reached XP level 8. HP: 33/48 MP: 8/8
  4887 | D:5      | Reached skill level 5 in Fighting
  4893 | D:5      | Found a glowing golden altar of the Shining One.
  4933 | D:5      | Found a shadowy altar of Dithmenos.
  4978 | D:5      | Noticed Pikel
  5021 | D:5      | Killed Pikel
  5022 | D:5      | Reached skill level 7 in Axes
  5022 | D:5      | Reached skill level 5 in Armour
  5120 | D:4      | Noticed Edmund
  5138 | D:4      | Slain by Edmund

Illustrated notes

Levels and vault maps discovered:
D:1:      lemuel_arrival_broad_hall, layout_rooms
D:2:      layout_basic
D:3:      layout_loops_ring, ebering_ecumenical_altar_petrified, uniq_robin,
          uniq_grinder
D:4:      cheibrodos_pilgrimage, layout_loops_ring,
          minmay_temple_entry_from_below_b, uniq_edmund
D:5:      layout_cave_pools, kennysheep_little_box,
          nicolae_tso_besieged_by_evil, serial_column_ruins,
          column_ruins_hut_ruined, column_ruins_hut, column_ruins_open_small,
          column_ruins_open_small, column_ruins_columns_corner,
          column_ruins_open_tiny, column_ruins_open_small_water,
          column_ruins_grid_4, uniq_pikel, uniq_duvessa

Skill      XL: |  1  2  3  4  5  6  7  8 |
---------------+-------------------------+-----
Axes           | 2 3 4 5 6 7 |  7.0
Fighting       | 4 5 |  5.4
Shields        | 4 5 |  5.9
Armour         | 4 5 |  5.2
Evocations     | 2 |  2.0
Dodging        | |  0.8

Action                   |  1- 3 |  4- 6 |  7- 9 || total
-------------------------+-------+-------+-------++-------
Melee: War axe           |    64 |   169 |   147 ||   380
  Use: Scroll            |     3 |     3 |     2 ||     8
       Potion            |     1 |       |     3 ||     4
Armor: Chain mail        |    40 |   121 |   154 ||   315
Dodge: Dodged            |    13 |    38 |    49 ||   100
Block: Kite shield       |    24 |    94 |   119 ||   237

Table legend: (Time is in decaauts)
 A = Elapsed time spent in this place.
 B = Non-inter-level travel time spent in this place.
 C = Inter-level travel time spent in this place.
 D = Time resting spent in this place.
 E = Time spent auto-exploring this place.
 F = Levels seen in this place.
 G = Mean time per level.
                   A        B        C        D        E       F      G
               +--------+--------+--------+--------+--------+-----+--------+
         Total |   5336 |   5336 |      0 |   1671 |   2327 |   5 | 1067.2 |
       Dungeon |   5336 |   5336 |      0 |   1671 |   2327 |   5 | 1067.2 |
               +--------+--------+--------+--------+--------+-----+--------+

Top non-repeatable levels by time:
     D:1: 1726 daAuts
     D:3: 1346 daAuts
     D:2: 1036 daAuts
     D:5: 635 daAuts
     D:4: 591 daAuts
